[ AOE2 MATCH · #480437709 ]
Team RMMongols vs Khmer
[ REPLAY ANALYSIS · EXTRACTED FROM THE RECORDED GAME ]
Feudal
11:51
Castle
17:51
Imperial
37:05
| APM avg | 36.1 |
| APM peak | 63 |
| eAPM avg | 19.0 |
| Villagers / military | 131 / 173 |
Focus
⚔️ 27.6% · 🌾 72.4%
Skirmisher ×140 · Archer ×27 · Trebuchet (Packed) ×3 · Mangonel ×2 · Monk ×1
Feudal
—
Castle
—
Imperial
—
| APM avg | 31.7 |
| APM peak | 73 |
| eAPM avg | 17.6 |
| Villagers / military | 163 / 85 |
Focus
⚔️ 32.0% · 🌾 68.0%
Knight ×34 · Magyar Huszar ×26 · Scout Cavalry ×20 · Spearman ×3 · Trebuchet (Packed) ×2
Feudal
9:20
Castle
20:34
Imperial
40:01
| APM avg | 39.3 |
| APM peak | 95 |
| eAPM avg | 15.0 |
| Villagers / military | 118 / 134 |
Focus
⚔️ 38.3% · 🌾 61.7%
Archer ×123 · Bombard Cannon ×6 · Mangonel ×2 · Scorpion ×2 · Spearman ×1
Feudal
11:32
Castle
30:32
Imperial
—
| APM avg | 20.9 |
| APM peak | 46 |
| eAPM avg | 13.2 |
| Villagers / military | 121 / 65 |
Focus
⚔️ 26.4% · 🌾 73.6%
Mangudai ×26 · Archer ×21 · Spearman ×15 · Knight ×3
Feudal
10:24
Castle
22:09
Imperial
42:32
| APM avg | 52.2 |
| APM peak | 100 |
| eAPM avg | 17.0 |
| Villagers / military | 169 / 45 |
Focus
⚔️ 17.2% · 🌾 82.8%
Scorpion ×15 · Skirmisher ×12 · Spearman ×7 · Scout Cavalry ×7 · Knight ×4
Feudal
9:48
Castle
14:37
Imperial
34:52
| APM avg | 14.1 |
| APM peak | 38 |
| eAPM avg | 9.8 |
| Villagers / military | 109 / 56 |
Focus
⚔️ 27.2% · 🌾 72.8%
Ballista Elephant ×26 · Knight ×21 · Trebuchet (Packed) ×8 · Battle Elephant ×1
Match map
Initial resources + every placement click. Lines = walls · curves = elevation contours. ◆ gold · ⬟ stone · ● berries · ✦ relic · ◌ wall gap
Your base· ✓ Closed at 17:51 · 70t walls · 4 gate(s)
JohnnyHeatrs's base· ✓ Closed at 20:24 · 47t walls · no gate
Breach's base· Open — unwalled flank
drdany's base· Open — 1t gap
aoc2020's base· Open — unwalled flank
PhOeNiX's base· Open — 10t gap
Smoothed initial terrain · ◌ = detected wall gap · hover for details
Inputs per minute
— younguns - - JohnnyHeatrs
Build order — younguns
First 150 of 423 actions detected
| 0:01 | Create | Villager (Male) |
| 0:02 | Build | House |
| 0:04 | Build | House |
| 0:08 | Create | Villager (Male) |
| 0:09 | Create | Villager (Male) |
| 0:10 | Create | Villager (Male) |
| 0:10 | Create | Villager (Male) |
| 1:25 | Create | Villager (Male) |
| 1:57 | Build | Lumber Camp |
| 1:59 | Create | Villager (Male) |
| 2:15 | Create | Villager (Male) |
| 2:45 | Build | House |
| 2:47 | Create | Villager (Male) |
| 3:07 | Create | Villager (Male) |
| 3:39 | Create | Villager (Male) |
| 3:49 | Create | Villager (Male) |
| 4:27 | Build | House |
| 4:37 | Create | Villager (Male) |
| 5:06 | Create | Villager (Male) |
| 5:07 | Create | Villager (Male) |
| 5:19 | Create | Villager (Male) |
| 5:23 | Create | Villager (Male) |
| 5:28 | Create | Villager (Male) |
| 5:42 | Create | Villager (Male) |
| 6:07 | Build | Palisade Wall |
| 6:10 | Build | Palisade Wall |
| 6:39 | Build | Mill |
| 6:41 | Create | Villager (Male) |
| 6:57 | Create | Villager (Male) |
| 7:11 | Build | House |
| 7:13 | Build | Palisade Wall |
| 7:24 | Create | Villager (Male) |
| 7:39 | Create | Villager (Male) |
| 7:55 | Create | Villager (Male) |
| 8:05 | Build | Palisade Wall |
| 8:23 | Build | Palisade Wall |
| 8:24 | Build | Palisade Wall |
| 8:46 | Build | Barracks |
| 8:53 | Research | Loom |
| 9:00 | Build | Farm |
| 9:01 | Build | Farm |
| 9:09 | Build | House |
| 9:13 | Build | Palisade Gate |
| 9:15 | Build | Palisade Wall |
| 9:28 | Research | Feudal Age |
| 9:29 | Research | Feudal Age |
| 9:29 | Create | Villager (Male) |
| 10:34 | Build | House |
| 10:46 | Build | House |
| 10:48 | Build | Palisade Wall |
| 10:56 | Create | Villager (Male) |
| 10:58 | Build | Farm |
| 11:00 | Build | Farm |
| 11:01 | Create | Villager (Male) |
| 11:18 | Build | Farm |
| 11:19 | Create | Villager (Male) |
| 11:40 | Build | Palisade Wall |
| 11:51 | Age | Feudal Age |
| 11:58 | Build | Archery Range |
| 12:01 | Create | Villager (Male) |
| 12:13 | Build | Palisade Gate |
| 12:16 | Create | Villager (Male) |
| 12:27 | Create | Villager (Male) |
| 12:51 | Build | Mining Camp |
| 13:25 | Create | Villager (Male) |
| 13:46 | Build | Blacksmith |
| 13:54 | Create | Villager (Male) |
| 14:07 | Build | Farm |
| 14:17 | Create | Villager (Male) |
| 14:41 | Build | House |
| 14:45 | Create | Villager (Male) |
| 15:04 | Build | Lumber Camp |
| 15:08 | Research | Castle Age |
| 15:23 | Build | Palisade Gate |
| 15:30 | Create | Villager (Male) |
| 15:42 | Research | Fletching |
| 15:43 | Research | Padded Archer Armor |
| 15:44 | Create | Villager (Male) |
| 15:58 | Build | Archery Range |
| 16:11 | Build | Stone Wall |
| 16:20 | Create | Skirmisher |
| 16:20 | Create | Skirmisher |
| 16:26 | Build | Stone Wall |
| 16:31 | Create | Skirmisher |
| 16:32 | Create | Skirmisher |
| 16:44 | Build | House |
| 16:55 | Build | Stone Wall |
| 16:57 | Build | Stone Wall |
| 17:13 | Create | Skirmisher |
| 17:13 | Create | Skirmisher |
| 17:27 | Create | Skirmisher |
| 17:27 | Create | Skirmisher |
| 17:28 | Create | Villager (Male) |
| 17:48 | Build | Gate |
| 17:51 | Age | Castle Age |
| 18:02 | Build | Monastery |
| 18:05 | Build | House |
| 18:12 | Create | Villager (Male) |
| 18:23 | Build | House |
| 18:27 | Create | Villager (Male) |
| 18:42 | Build | House |
| 18:44 | Create | Monk |
| 18:51 | Research | Elite Skirmisher (upgrade) |
| 18:51 | Research | Elite Skirmisher (upgrade) |
| 18:52 | Create | Villager (Male) |
| 19:07 | Build | House |
| 19:22 | Create | Skirmisher |
| 19:23 | Create | Skirmisher |
| 19:23 | Create | Skirmisher |
| 19:49 | Research | Leather Archer Armor |
| 20:06 | Build | Town Center |
| 20:22 | Create | Villager (Male) |
| 20:42 | Build | Farm |
| 20:43 | Build | Farm |
| 20:59 | Create | Villager (Male) |
| 21:20 | Build | Farm |
| 21:21 | Build | Farm |
| 21:23 | Create | Villager (Male) |
| 21:38 | Create | Villager (Male) |
| 21:50 | Build | Farm |
| 21:50 | Build | Farm |
| 21:50 | Build | Farm |
| 21:50 | Build | Farm |
| 21:51 | Build | Farm |
| 21:51 | Build | Farm |
| 21:54 | Build | Farm |
| 21:57 | Create | Villager (Male) |
| 22:23 | Build | Siege Workshop |
| 22:29 | Research | Double-Bit Axe |
| 22:36 | Build | Farm |
| 23:47 | Research | Bodkin Arrow |
| 23:50 | Create | Villager (Male) |
| 23:50 | Create | Villager (Male) |
| 23:51 | Create | Villager (Male) |
| 23:51 | Create | Villager (Male) |
| 23:53 | Build | House |
| 23:55 | Create | Mangonel |
| 24:18 | Create | Skirmisher |
| 24:18 | Create | Skirmisher |
| 24:18 | Create | Skirmisher |
| 24:39 | Create | Mangonel |
| 24:48 | Build | Lumber Camp |
| 24:55 | Create | Skirmisher |
| 24:55 | Create | Skirmisher |
| 24:56 | Create | Skirmisher |
| 25:28 | Create | Skirmisher |
| 25:29 | Create | Skirmisher |
| 25:29 | Create | Skirmisher |
| 25:51 | Create | Skirmisher |
| 25:51 | Create | Skirmisher |
Build order — JohnnyHeatrs
First 150 of 395 actions detected
| 0:01 | Create | Villager (Male) |
| 0:02 | Create | Villager (Male) |
| 0:02 | Create | Villager (Male) |
| 0:04 | Build | House |
| 0:07 | Build | House |
| 0:49 | Create | Villager (Male) |
| 1:26 | Create | Villager (Male) |
| 2:10 | Create | Villager (Male) |
| 2:10 | Create | Villager (Male) |
| 2:28 | Build | Lumber Camp |
| 2:46 | Create | Villager (Male) |
| 2:46 | Create | Villager (Male) |
| 3:24 | Create | Villager (Male) |
| 3:24 | Create | Villager (Male) |
| 3:45 | Create | Villager (Male) |
| 3:46 | Create | Villager (Male) |
| 3:46 | Create | Villager (Male) |
| 4:20 | Build | House |
| 4:24 | Build | House |
| 4:30 | Create | Villager (Male) |
| 5:02 | Create | Villager (Male) |
| 5:42 | Create | Villager (Male) |
| 5:42 | Create | Villager (Male) |
| 5:59 | Build | Mill |
| 6:12 | Create | Villager (Male) |
| 6:12 | Create | Villager (Male) |
| 6:53 | Create | Villager (Male) |
| 6:53 | Create | Villager (Male) |
| 7:22 | Create | Villager (Male) |
| 7:23 | Create | Villager (Male) |
| 7:45 | Create | Villager (Male) |
| 7:54 | Build | Mill |
| 8:09 | Create | Villager (Male) |
| 8:30 | Create | Villager (Male) |
| 8:52 | Create | Villager (Male) |
| 8:56 | Build | House |
| 8:57 | Build | House |
| 9:04 | Create | Villager (Male) |
| 9:53 | Research | Loom |
| 10:11 | Build | Barracks |
| 10:14 | Research | Feudal Age |
| 10:37 | Build | House |
| 10:47 | Build | Palisade Wall |
| 10:53 | Build | Farm |
| 10:58 | Build | Farm |
| 11:00 | Build | Farm |
| 11:02 | Build | Farm |
| 11:04 | Build | Farm |
| 11:27 | Build | Palisade Wall |
| 11:39 | Build | Farm |
| 11:39 | Build | Farm |
| 11:42 | Create | Villager (Male) |
| 12:16 | Build | Palisade Wall |
| 12:18 | Build | Palisade Wall |
| 12:21 | Build | Palisade Wall |
| 12:45 | Build | Palisade Wall |
| 12:54 | Create | Villager (Male) |
| 12:59 | Build | Stable |
| 13:06 | Build | Palisade Wall |
| 13:08 | Research | Double-Bit Axe |
| 13:12 | Research | Horse Collar |
| 13:17 | Create | Villager (Male) |
| 13:56 | Create | Villager (Male) |
| 14:01 | Build | Stable |
| 14:03 | Create | Scout Cavalry |
| 14:07 | Build | Palisade Wall |
| 14:27 | Create | Villager (Male) |
| 14:38 | Create | Scout Cavalry |
| 14:44 | Create | Villager (Male) |
| 14:47 | Create | Scout Cavalry |
| 14:51 | Build | Farm |
| 14:51 | Build | Farm |
| 15:00 | Create | Villager (Male) |
| 15:23 | Create | Villager (Male) |
| 15:33 | Build | Farm |
| 15:34 | Build | Farm |
| 15:34 | Build | Farm |
| 15:36 | Build | Farm |
| 15:38 | Create | Villager (Male) |
| 15:52 | Build | House |
| 15:55 | Build | House |
| 16:04 | Create | Villager (Male) |
| 16:17 | Build | Lumber Camp |
| 16:30 | Create | Villager (Male) |
| 17:00 | Create | Villager (Male) |
| 17:05 | Build | Mining Camp |
| 17:24 | Build | Farm |
| 17:41 | Build | Farm |
| 17:41 | Build | Farm |
| 17:42 | Build | Farm |
| 18:16 | Create | Villager (Male) |
| 18:34 | Create | Villager (Male) |
| 18:43 | Create | Villager (Male) |
| 18:51 | Build | Farm |
| 18:52 | Build | Farm |
| 18:52 | Build | Farm |
| 18:53 | Build | Farm |
| 19:16 | Build | Farm |
| 19:24 | Build | Market |
| 19:27 | Create | Villager (Male) |
| 19:35 | Build | Farm |
| 20:24 | Research | Castle Age |
| 20:31 | Build | Stone Wall |
| 21:00 | Create | Scout Cavalry |
| 21:00 | Create | Scout Cavalry |
| 21:00 | Create | Scout Cavalry |
| 21:01 | Create | Scout Cavalry |
| 21:02 | Create | Spearman |
| 21:02 | Create | Spearman |
| 21:33 | Build | Mining Camp |
| 22:34 | Create | Spearman |
| 22:44 | Create | Scout Cavalry |
| 22:44 | Create | Scout Cavalry |
| 23:04 | Create | Scout Cavalry |
| 23:05 | Create | Scout Cavalry |
| 23:15 | Create | Villager (Male) |
| 23:15 | Create | Villager (Male) |
| 23:41 | Build | Town Center |
| 23:43 | Create | Villager (Male) |
| 23:56 | Create | Villager (Male) |
| 24:05 | Build | Stone Wall |
| 24:19 | Create | Villager (Male) |
| 24:31 | Build | Palisade Wall |
| 24:36 | Research | Light Cavalry (upgrade) |
| 24:38 | Create | Scout Cavalry |
| 24:38 | Create | Scout Cavalry |
| 24:40 | Create | Villager (Male) |
| 25:01 | Create | Villager (Male) |
| 25:02 | Create | Scout Cavalry |
| 25:02 | Create | Scout Cavalry |
| 25:22 | Create | Villager (Male) |
| 25:37 | Create | Villager (Male) |
| 25:50 | Create | Villager (Male) |
| 25:50 | Create | Villager (Male) |
| 25:50 | Create | Villager (Male) |
| 25:50 | Create | Villager (Male) |
| 26:15 | Create | Villager (Male) |
| 26:15 | Create | Villager (Male) |
| 26:34 | Research | Wheelbarrow |
| 26:48 | Build | Castle |
| 26:56 | Research | Bloodlines |
| 26:58 | Create | Scout Cavalry |
| 27:00 | Create | Villager (Male) |
| 27:00 | Create | Villager (Male) |
| 27:27 | Create | Villager (Male) |
| 27:27 | Create | Villager (Male) |
| 27:52 | Research | Bow Saw |
| 28:05 | Create | Scout Cavalry |
| 28:05 | Create | Scout Cavalry |
| 28:05 | Create | Scout Cavalry |
Build order — Breach
First 150 of 406 actions detected
| 0:01 | Create | Villager (Male) |
| 0:01 | Create | Villager (Male) |
| 0:01 | Create | Villager (Male) |
| 0:03 | Build | House |
| 0:06 | Build | House |
| 0:37 | Create | Villager (Male) |
| 0:38 | Create | Villager (Male) |
| 1:09 | Create | Villager (Male) |
| 1:09 | Create | Villager (Male) |
| 1:55 | Build | Lumber Camp |
| 1:59 | Create | Villager (Male) |
| 1:59 | Create | Villager (Male) |
| 2:18 | Create | Villager (Male) |
| 2:18 | Create | Villager (Male) |
| 2:47 | Create | Villager (Male) |
| 2:47 | Create | Villager (Male) |
| 3:05 | Create | Villager (Male) |
| 3:05 | Create | Villager (Male) |
| 3:06 | Create | Villager (Male) |
| 3:36 | Create | Villager (Male) |
| 3:36 | Create | Villager (Male) |
| 3:56 | Build | House |
| 3:58 | Build | House |
| 4:14 | Create | Villager (Male) |
| 4:14 | Create | Villager (Male) |
| 4:26 | Create | Villager (Male) |
| 4:34 | Build | Mill |
| 4:37 | Create | Villager (Male) |
| 4:37 | Create | Villager (Male) |
| 4:59 | Create | Villager (Male) |
| 4:59 | Create | Villager (Male) |
| 5:34 | Create | Villager (Male) |
| 5:34 | Create | Villager (Male) |
| 6:10 | Research | Loom |
| 7:10 | Research | Feudal Age |
| 7:31 | Create | Villager (Male) |
| 7:38 | Build | Mining Camp |
| 7:43 | Build | Mining Camp |
| 8:11 | Build | House |
| 8:12 | Build | Palisade Wall |
| 8:33 | Build | Barracks |
| 9:20 | Age | Feudal Age |
| 9:23 | Research | Double-Bit Axe |
| 9:40 | Build | Archery Range |
| 9:51 | Create | Villager (Male) |
| 9:52 | Create | Villager (Male) |
| 10:28 | Build | Mill |
| 10:29 | Create | Villager (Male) |
| 10:29 | Create | Archer |
| 10:30 | Create | Archer |
| 10:41 | Build | House |
| 10:42 | Build | Palisade Wall |
| 10:44 | Build | Palisade Wall |
| 10:54 | Create | Villager (Male) |
| 10:55 | Create | Archer |
| 11:04 | Build | Farm |
| 11:06 | Build | Farm |
| 11:09 | Build | Farm |
| 11:10 | Create | Villager (Male) |
| 11:14 | Build | Farm |
| 11:35 | Build | House |
| 11:39 | Build | Palisade Wall |
| 11:45 | Create | Villager (Male) |
| 11:46 | Create | Archer |
| 12:00 | Build | House |
| 12:01 | Build | House |
| 12:04 | Create | Villager (Male) |
| 12:10 | Build | Palisade Wall |
| 12:17 | Build | House |
| 12:18 | Build | House |
| 12:23 | Build | Palisade Wall |
| 12:27 | Create | Villager (Male) |
| 12:44 | Build | House |
| 12:46 | Build | Palisade Wall |
| 12:53 | Create | Villager (Male) |
| 12:54 | Create | Archer |
| 13:17 | Build | Palisade Wall |
| 13:19 | Create | Villager (Male) |
| 13:20 | Create | Archer |
| 13:26 | Create | Spearman |
| 13:30 | Build | Farm |
| 13:34 | Create | Villager (Male) |
| 13:36 | Create | Archer |
| 13:52 | Create | Villager (Male) |
| 13:53 | Create | Archer |
| 14:13 | Build | Watch Tower |
| 14:20 | Build | Blacksmith |
| 14:24 | Create | Villager (Male) |
| 14:25 | Create | Archer |
| 14:32 | Build | Farm |
| 14:44 | Build | Farm |
| 14:48 | Research | Fletching |
| 15:01 | Build | Farm |
| 15:02 | Create | Villager (Male) |
| 15:15 | Build | Farm |
| 15:26 | Build | Farm |
| 15:33 | Create | Archer |
| 15:33 | Create | Archer |
| 15:33 | Create | Archer |
| 15:49 | Build | Farm |
| 15:50 | Create | Villager (Male) |
| 15:50 | Create | Archer |
| 15:52 | Create | Villager (Male) |
| 16:17 | Build | Farm |
| 16:20 | Build | Farm |
| 16:28 | Create | Villager (Male) |
| 16:49 | Build | Farm |
| 17:08 | Create | Villager (Male) |
| 17:15 | Build | Farm |
| 17:18 | Build | Farm |
| 17:54 | Research | Castle Age |
| 17:55 | Research | Castle Age |
| 18:21 | Create | Archer |
| 18:21 | Create | Archer |
| 18:37 | Build | Archery Range |
| 18:45 | Create | Villager (Male) |
| 19:24 | Create | Archer |
| 19:24 | Create | Archer |
| 19:43 | Create | Archer |
| 19:43 | Create | Archer |
| 19:43 | Create | Archer |
| 19:50 | Research | Gold Mining |
| 19:51 | Research | Horse Collar |
| 19:51 | Research | Horse Collar |
| 20:06 | Build | Lumber Camp |
| 20:22 | Create | Archer |
| 20:23 | Create | Archer |
| 20:34 | Age | Castle Age |
| 20:37 | Research | Crossbowman (upgrade) |
| 20:47 | Research | Bodkin Arrow |
| 20:57 | Create | Villager (Male) |
| 21:17 | Build | University |
| 21:21 | Create | Villager (Male) |
| 21:22 | Create | Archer |
| 21:46 | Create | Villager (Male) |
| 21:47 | Create | Archer |
| 21:47 | Create | Archer |
| 21:52 | Build | Lumber Camp |
| 22:06 | Create | Villager (Male) |
| 22:06 | Create | Archer |
| 22:07 | Create | Archer |
| 22:24 | Build | House |
| 22:24 | Build | House |
| 22:25 | Build | House |
| 22:25 | Build | House |
| 22:25 | Build | House |
| 22:28 | Build | House |
| 22:33 | Create | Villager (Male) |
| 22:37 | Research | Town Watch |
| 22:40 | Research | Wheelbarrow |
Build order — drdany
First 150 of 278 actions detected
| 0:03 | Build | House |
| 0:04 | Build | House |
| 0:07 | Create | Villager (Male) |
| 0:07 | Create | Villager (Male) |
| 0:07 | Create | Villager (Male) |
| 0:08 | Create | Villager (Male) |
| 0:08 | Create | Villager (Male) |
| 0:08 | Create | Villager (Male) |
| 1:50 | Create | Villager (Male) |
| 1:51 | Create | Villager (Male) |
| 1:51 | Create | Villager (Male) |
| 1:51 | Create | Villager (Male) |
| 2:07 | Create | Villager (Male) |
| 2:07 | Create | Villager (Male) |
| 2:08 | Create | Villager (Male) |
| 2:25 | Create | Villager (Male) |
| 2:25 | Create | Villager (Male) |
| 2:26 | Create | Villager (Male) |
| 2:56 | Create | Villager (Male) |
| 2:56 | Create | Villager (Male) |
| 2:56 | Create | Villager (Male) |
| 3:20 | Create | Villager (Male) |
| 3:20 | Create | Villager (Male) |
| 3:20 | Create | Villager (Male) |
| 3:42 | Build | House |
| 3:43 | Build | House |
| 3:55 | Build | House |
| 4:09 | Create | Villager (Male) |
| 4:09 | Create | Villager (Male) |
| 5:13 | Create | Villager (Male) |
| 5:13 | Create | Villager (Male) |
| 5:14 | Create | Villager (Male) |
| 5:14 | Create | Villager (Male) |
| 5:14 | Create | Villager (Male) |
| 5:38 | Build | Lumber Camp |
| 6:37 | Create | Villager (Male) |
| 6:38 | Create | Villager (Male) |
| 6:38 | Create | Villager (Male) |
| 7:17 | Build | Mill |
| 8:03 | Research | Loom |
| 8:04 | Research | Feudal Age |
| 8:07 | Create | Villager (Male) |
| 8:07 | Create | Villager (Male) |
| 8:32 | Build | Mill |
| 8:40 | Build | Mill |
| 8:47 | Build | Mining Camp |
| 8:52 | Research | Loom |
| 8:52 | Research | Feudal Age |
| 9:22 | Build | House |
| 9:28 | Build | Barracks |
| 10:44 | Create | Villager (Male) |
| 10:45 | Create | Villager (Male) |
| 10:45 | Create | Villager (Male) |
| 10:45 | Create | Villager (Male) |
| 10:57 | Build | Lumber Camp |
| 11:32 | Age | Feudal Age |
| 11:37 | Build | Archery Range |
| 11:43 | Create | Villager (Male) |
| 11:43 | Create | Villager (Male) |
| 12:31 | Build | Watch Tower |
| 12:34 | Create | Archer |
| 12:35 | Create | Archer |
| 12:35 | Create | Archer |
| 12:35 | Create | Archer |
| 13:08 | Build | Archery Range |
| 13:18 | Build | House |
| 13:21 | Build | House |
| 13:30 | Build | House |
| 13:32 | Build | House |
| 13:51 | Build | Farm |
| 14:01 | Create | Spearman |
| 14:01 | Create | Spearman |
| 14:40 | Build | Palisade Wall |
| 14:52 | Create | Archer |
| 14:52 | Create | Archer |
| 14:52 | Create | Archer |
| 14:52 | Create | Archer |
| 15:14 | Create | Archer |
| 15:38 | Create | Villager (Male) |
| 15:38 | Create | Villager (Male) |
| 15:38 | Create | Villager (Male) |
| 15:52 | Create | Spearman |
| 15:53 | Create | Spearman |
| 16:11 | Create | Villager (Male) |
| 17:03 | Create | Archer |
| 17:04 | Create | Archer |
| 17:04 | Create | Archer |
| 17:15 | Create | Villager (Male) |
| 17:15 | Create | Villager (Male) |
| 17:24 | Create | Spearman |
| 17:25 | Create | Spearman |
| 17:35 | Build | Farm |
| 17:41 | Build | House |
| 17:43 | Build | House |
| 19:12 | Build | Farm |
| 19:13 | Build | Farm |
| 19:14 | Build | Farm |
| 19:49 | Create | Villager (Male) |
| 19:50 | Create | Villager (Male) |
| 20:06 | Build | Farm |
| 20:06 | Build | Farm |
| 20:07 | Build | Farm |
| 20:07 | Build | Farm |
| 20:07 | Build | Farm |
| 20:40 | Build | Mill |
| 20:43 | Create | Archer |
| 20:44 | Create | Archer |
| 20:46 | Create | Archer |
| 20:46 | Create | Archer |
| 20:52 | Create | Villager (Male) |
| 21:38 | Create | Villager (Male) |
| 21:38 | Create | Villager (Male) |
| 21:38 | Create | Villager (Male) |
| 21:59 | Build | Market |
| 22:30 | Build | House |
| 23:09 | Create | Villager (Male) |
| 23:09 | Create | Villager (Male) |
| 23:10 | Create | Villager (Male) |
| 23:40 | Create | Archer |
| 23:41 | Create | Archer |
| 23:42 | Create | Archer |
| 23:43 | Create | Archer |
| 23:43 | Create | Archer |
| 24:20 | Build | Palisade Wall |
| 24:24 | Create | Villager (Male) |
| 25:57 | Build | Palisade Wall |
| 26:00 | Create | Villager (Male) |
| 26:00 | Create | Villager (Male) |
| 26:08 | Build | Farm |
| 26:08 | Build | Farm |
| 26:08 | Build | Farm |
| 26:08 | Build | Farm |
| 26:15 | Create | Spearman |
| 26:16 | Create | Spearman |
| 26:16 | Create | Spearman |
| 26:16 | Create | Spearman |
| 26:30 | Build | House |
| 26:32 | Build | House |
| 26:49 | Build | Mining Camp |
| 27:03 | Build | Farm |
| 27:05 | Build | Farm |
| 27:41 | Build | Mining Camp |
| 27:52 | Research | Castle Age |
| 28:08 | Research | Double-Bit Axe |
| 28:21 | Build | Palisade Wall |
| 28:35 | Create | Spearman |
| 28:35 | Create | Spearman |
| 28:45 | Build | Stable |
| 28:55 | Build | Blacksmith |
| 28:59 | Build | House |
Build order — aoc2020
First 150 of 360 actions detected
| 0:01 | Create | Villager (Male) |
| 0:02 | Create | Villager (Male) |
| 0:02 | Create | Villager (Male) |
| 0:03 | Build | House |
| 0:05 | Build | House |
| 0:25 | Create | Villager (Male) |
| 0:26 | Create | Villager (Male) |
| 1:29 | Create | Villager (Male) |
| 1:29 | Create | Villager (Male) |
| 1:30 | Create | Villager (Male) |
| 1:30 | Create | Villager (Male) |
| 1:30 | Create | Villager (Male) |
| 1:31 | Create | Villager (Male) |
| 1:54 | Build | Lumber Camp |
| 2:06 | Create | Villager (Male) |
| 2:07 | Create | Villager (Male) |
| 2:07 | Create | Villager (Male) |
| 2:25 | Create | Villager (Male) |
| 2:25 | Create | Villager (Male) |
| 2:26 | Create | Villager (Male) |
| 2:26 | Create | Villager (Male) |
| 2:56 | Create | Villager (Male) |
| 2:57 | Create | Villager (Male) |
| 2:57 | Create | Villager (Male) |
| 3:01 | Build | House |
| 3:05 | Create | Villager (Male) |
| 3:06 | Create | Villager (Male) |
| 3:06 | Create | Villager (Male) |
| 3:39 | Create | Villager (Male) |
| 3:40 | Create | Villager (Male) |
| 4:15 | Create | Villager (Male) |
| 4:15 | Create | Villager (Male) |
| 4:15 | Create | Villager (Male) |
| 4:49 | Build | Mill |
| 4:50 | Create | Villager (Male) |
| 5:12 | Create | Villager (Male) |
| 5:12 | Create | Villager (Male) |
| 5:13 | Create | Villager (Male) |
| 5:13 | Create | Villager (Male) |
| 5:14 | Create | Villager (Male) |
| 5:52 | Build | House |
| 6:00 | Create | Villager (Male) |
| 6:00 | Create | Villager (Male) |
| 6:00 | Create | Villager (Male) |
| 7:24 | Create | Villager (Male) |
| 7:26 | Create | Villager (Male) |
| 7:53 | Build | Mill |
| 8:00 | Research | Feudal Age |
| 9:39 | Build | House |
| 10:19 | Build | House |
| 10:24 | Age | Feudal Age |
| 10:28 | Build | Stable |
| 10:40 | Create | Villager (Male) |
| 10:41 | Create | Villager (Male) |
| 10:51 | Build | Blacksmith |
| 11:02 | Create | Scout Cavalry |
| 11:02 | Create | Scout Cavalry |
| 11:05 | Create | Scout Cavalry |
| 11:34 | Research | Scale Barding Armor |
| 11:37 | Create | Scout Cavalry |
| 11:49 | Create | Villager (Male) |
| 11:49 | Create | Villager (Male) |
| 11:51 | Create | Villager (Male) |
| 11:54 | Build | Farm |
| 11:56 | Build | Farm |
| 12:23 | Build | Farm |
| 12:25 | Create | Scout Cavalry |
| 12:38 | Build | Farm |
| 12:40 | Build | Farm |
| 13:43 | Create | Villager (Male) |
| 13:44 | Create | Villager (Male) |
| 13:47 | Build | Farm |
| 13:48 | Build | Farm |
| 13:49 | Create | Villager (Male) |
| 14:34 | Build | Farm |
| 14:38 | Build | Farm |
| 14:42 | Build | Farm |
| 14:44 | Build | Farm |
| 14:45 | Build | Farm |
| 14:48 | Research | Double-Bit Axe |
| 14:51 | Build | Farm |
| 15:55 | Build | Farm |
| 15:56 | Create | Villager (Male) |
| 15:57 | Create | Villager (Male) |
| 16:26 | Build | Mining Camp |
| 16:29 | Create | Villager (Male) |
| 16:29 | Create | Villager (Male) |
| 16:32 | Build | Farm |
| 17:01 | Build | Archery Range |
| 17:16 | Create | Scout Cavalry |
| 17:16 | Create | Scout Cavalry |
| 17:36 | Create | Skirmisher |
| 17:36 | Create | Skirmisher |
| 17:37 | Create | Skirmisher |
| 17:37 | Create | Skirmisher |
| 17:48 | Build | Watch Tower |
| 17:53 | Create | Skirmisher |
| 17:53 | Create | Skirmisher |
| 18:37 | Create | Skirmisher |
| 18:37 | Create | Skirmisher |
| 19:29 | Research | Castle Age |
| 20:08 | Build | House |
| 20:09 | Build | House |
| 20:12 | Build | House |
| 20:37 | Research | Fletching |
| 22:09 | Age | Castle Age |
| 22:23 | Build | Mining Camp |
| 22:25 | Create | Villager (Male) |
| 22:26 | Create | Villager (Male) |
| 22:34 | Build | Barracks |
| 22:38 | Create | Knight |
| 22:38 | Create | Knight |
| 22:40 | Create | Knight |
| 22:41 | Create | Knight |
| 23:18 | Create | Spearman |
| 23:18 | Create | Spearman |
| 23:20 | Create | Spearman |
| 23:38 | Build | Town Center |
| 23:43 | Create | Skirmisher |
| 23:43 | Create | Skirmisher |
| 23:45 | Create | Skirmisher |
| 23:45 | Create | Skirmisher |
| 24:01 | Research | Loom |
| 25:32 | Create | Villager (Male) |
| 25:32 | Create | Villager (Male) |
| 25:33 | Create | Villager (Male) |
| 25:33 | Create | Villager (Male) |
| 25:34 | Create | Villager (Male) |
| 25:35 | Create | Villager (Male) |
| 26:02 | Build | Siege Workshop |
| 26:04 | Create | Villager (Male) |
| 26:04 | Create | Villager (Male) |
| 26:05 | Create | Villager (Male) |
| 26:05 | Create | Villager (Male) |
| 26:06 | Create | Villager (Male) |
| 26:06 | Create | Villager (Male) |
| 26:14 | Build | Town Center |
| 26:16 | Create | Villager (Male) |
| 26:16 | Create | Villager (Male) |
| 26:27 | Create | Villager (Male) |
| 26:28 | Create | Villager (Male) |
| 27:00 | Create | Villager (Male) |
| 27:01 | Create | Villager (Male) |
| 27:01 | Create | Villager (Male) |
| 27:30 | Create | Villager (Male) |
| 27:30 | Create | Villager (Male) |
| 27:32 | Create | Villager (Male) |
| 27:36 | Build | Farm |
| 28:06 | Build | Farm |
| 28:08 | Research | Horse Collar |
Build order — PhOeNiX
First 150 of 235 actions detected
| 0:01 | Create | Villager (Male) |
| 0:01 | Create | Villager (Male) |
| 0:02 | Create | Villager (Male) |
| 0:02 | Create | Villager (Male) |
| 0:04 | Build | House |
| 0:08 | Build | House |
| 1:36 | Create | Villager (Male) |
| 1:36 | Create | Villager (Male) |
| 1:36 | Create | Villager (Male) |
| 2:02 | Create | Villager (Male) |
| 2:02 | Create | Villager (Male) |
| 2:14 | Build | Lumber Camp |
| 2:17 | Build | House |
| 2:27 | Create | Villager (Male) |
| 2:28 | Create | Villager (Male) |
| 2:46 | Create | Villager (Male) |
| 2:46 | Create | Villager (Male) |
| 2:47 | Create | Villager (Male) |
| 3:18 | Create | Villager (Male) |
| 3:18 | Create | Villager (Male) |
| 3:18 | Create | Villager (Male) |
| 3:45 | Create | Villager (Male) |
| 4:13 | Create | Villager (Male) |
| 4:13 | Create | Villager (Male) |
| 4:26 | Build | House |
| 4:43 | Create | Villager (Male) |
| 4:43 | Create | Villager (Male) |
| 4:43 | Create | Villager (Male) |
| 4:43 | Create | Villager (Male) |
| 5:01 | Create | Villager (Male) |
| 5:02 | Create | Villager (Male) |
| 5:36 | Build | Mill |
| 5:45 | Create | Villager (Male) |
| 5:45 | Create | Villager (Male) |
| 6:36 | Create | Villager (Male) |
| 6:36 | Create | Villager (Male) |
| 6:56 | Build | Mill |
| 6:59 | Create | Villager (Male) |
| 7:38 | Research | Feudal Age |
| 8:24 | Build | Mining Camp |
| 8:34 | Build | House |
| 9:31 | Build | Palisade Wall |
| 9:45 | Build | House |
| 9:46 | Build | House |
| 9:48 | Age | Feudal Age |
| 9:53 | Create | Villager (Male) |
| 9:53 | Create | Villager (Male) |
| 10:05 | Research | Loom |
| 11:03 | Build | Palisade Wall |
| 11:43 | Build | Stable |
| 11:57 | Research | Castle Age |
| 12:49 | Research | Double-Bit Axe |
| 13:20 | Build | Farm |
| 13:24 | Build | Farm |
| 13:30 | Build | Farm |
| 13:51 | Build | Farm |
| 14:22 | Research | Gold Mining |
| 14:37 | Age | Castle Age |
| 14:44 | Build | Farm |
| 14:47 | Create | Knight |
| 14:47 | Create | Knight |
| 14:47 | Create | Knight |
| 14:47 | Create | Knight |
| 15:13 | Create | Villager (Male) |
| 15:14 | Create | Villager (Male) |
| 15:40 | Research | Horse Collar |
| 16:09 | Create | Knight |
| 16:20 | Build | Farm |
| 16:21 | Build | Farm |
| 16:58 | Create | Villager (Male) |
| 16:58 | Create | Villager (Male) |
| 17:11 | Create | Knight |
| 17:54 | Create | Knight |
| 17:54 | Create | Knight |
| 17:59 | Create | Villager (Male) |
| 18:52 | Create | Knight |
| 18:53 | Create | Knight |
| 19:31 | Create | Villager (Male) |
| 19:32 | Create | Villager (Male) |
| 20:08 | Create | Villager (Male) |
| 20:08 | Create | Villager (Male) |
| 20:08 | Create | Villager (Male) |
| 20:14 | Build | Farm |
| 20:25 | Create | Villager (Male) |
| 20:25 | Create | Villager (Male) |
| 21:40 | Create | Knight |
| 21:40 | Create | Knight |
| 21:41 | Create | Knight |
| 21:41 | Create | Knight |
| 21:41 | Create | Knight |
| 23:28 | Create | Villager (Male) |
| 23:28 | Create | Villager (Male) |
| 23:29 | Create | Villager (Male) |
| 23:29 | Create | Villager (Male) |
| 23:29 | Create | Villager (Male) |
| 23:30 | Create | Villager (Male) |
| 23:30 | Create | Villager (Male) |
| 23:46 | Build | Town Center |
| 24:47 | Create | Villager (Male) |
| 24:47 | Create | Villager (Male) |
| 24:48 | Create | Villager (Male) |
| 24:48 | Create | Villager (Male) |
| 26:06 | Create | Knight |
| 26:06 | Create | Knight |
| 26:07 | Create | Knight |
| 26:07 | Create | Knight |
| 26:20 | Create | Villager (Male) |
| 26:20 | Create | Villager (Male) |
| 26:28 | Build | Farm |
| 26:29 | Build | Farm |
| 26:30 | Build | Farm |
| 26:31 | Build | Farm |
| 26:33 | Build | Farm |
| 26:44 | Build | Farm |
| 26:45 | Build | Farm |
| 26:47 | Build | Farm |
| 26:49 | Build | Farm |
| 26:50 | Build | Farm |
| 27:03 | Build | Market |
| 27:49 | Create | Battle Elephant |
| 28:42 | Build | Farm |
| 28:47 | Create | Villager (Male) |
| 28:48 | Create | Villager (Male) |
| 28:48 | Create | Villager (Male) |
| 28:48 | Create | Villager (Male) |
| 28:49 | Create | Villager (Male) |
| 29:10 | Create | Knight |
| 29:11 | Create | Knight |
| 29:20 | Build | House |
| 29:24 | Build | House |
| 29:26 | Build | House |
| 30:27 | Create | Villager (Male) |
| 30:27 | Create | Villager (Male) |
| 30:27 | Create | Villager (Male) |
| 30:28 | Create | Villager (Male) |
| 30:28 | Create | Villager (Male) |
| 30:28 | Create | Villager (Male) |
| 31:31 | Research | Imperial Age |
| 32:03 | Create | Villager (Male) |
| 32:04 | Create | Villager (Male) |
| 32:10 | Research | Bow Saw |
| 32:22 | Research | Stone Mining |
| 32:25 | Research | Heavy Plow |
| 34:31 | Build | Castle |
| 34:43 | Build | Farm |
| 34:44 | Build | Farm |
| 34:46 | Build | Farm |
| 34:48 | Build | Farm |
| 34:52 | Age | Imperial Age |
| 34:54 | Create | Villager (Male) |
Match timeline
| 6:07 | younguns · wall_segment Palisade Wall x2 |
| 6:10 | younguns · wall_segment Palisade Wall x11 |
| 7:13 | younguns · wall_segment Palisade Wall x1 |
| 8:05 | younguns · wall_segment Palisade Wall x12 |
| 8:12 | Breach · wall_segment Palisade Wall x4 |
| 8:23 | younguns · wall_segment Palisade Wall x15 |
| 8:24 | younguns · wall_segment Palisade Wall x1 |
| 8:33 | Breach · first_building Barracks |
| 8:46 | younguns · first_building Barracks |
| 9:15 | younguns · wall_segment Palisade Wall x1 |
| 9:20 | Breach · age_up feudal |
| 9:28 | drdany · first_building Barracks |
| 9:31 | PhOeNiX · wall_segment Palisade Wall x11 |
| 9:40 | Breach · first_building Archery Range |
| 9:48 | PhOeNiX · age_up feudal |
| 10:11 | JohnnyHeatrs · first_building Barracks |
| 10:24 | aoc2020 · age_up feudal |
| 10:28 | aoc2020 · first_building Stable |
| 10:42 | Breach · wall_segment Palisade Wall x1 |
| 10:44 | Breach · wall_segment Palisade Wall x3 |
| 10:47 | JohnnyHeatrs · wall_segment Palisade Wall x8 |
| 10:48 | younguns · wall_segment Palisade Wall x7 |
| 11:03 | PhOeNiX · wall_segment Palisade Wall x15 |
| 11:27 | JohnnyHeatrs · wall_segment Palisade Wall x3 |
| 11:32 | drdany · age_up feudal |
| 11:37 | drdany · first_building Archery Range |
| 11:39 | Breach · wall_segment Palisade Wall x5 |
| 11:40 | younguns · wall_segment Palisade Wall x9 |
| 11:43 | PhOeNiX · first_building Stable |
| 11:51 | younguns · age_up feudal |
| 11:58 | younguns · first_building Archery Range |
| 12:10 | Breach · wall_segment Palisade Wall x7 |
| 12:16 | JohnnyHeatrs · wall_segment Palisade Wall x6 |
| 12:18 | JohnnyHeatrs · wall_segment Palisade Wall x2 |
| 12:21 | JohnnyHeatrs · wall_segment Palisade Wall x6 |
| 12:23 | Breach · wall_segment Palisade Wall x4 |
| 12:45 | JohnnyHeatrs · wall_segment Palisade Wall x21 |
| 12:46 | Breach · wall_segment Palisade Wall x5 |
| 12:59 | JohnnyHeatrs · first_building Stable |
| 13:06 | JohnnyHeatrs · wall_segment Palisade Wall x1 |
| 13:17 | Breach · wall_segment Palisade Wall x9 |
| 14:07 | JohnnyHeatrs · wall_segment Palisade Wall x1 |
| 14:37 | PhOeNiX · age_up castle |
| 14:40 | drdany · wall_segment Palisade Wall x4 |
| 16:11 | younguns · wall_segment Stone Wall x1 |
| 16:26 | younguns · wall_segment Stone Wall x1 |
| 16:55 | younguns · wall_segment Stone Wall x2 |
| 16:57 | younguns · wall_segment Stone Wall x9 |
| 17:01 | aoc2020 · first_building Archery Range |
| 17:51 | younguns · age_up castle |
| 18:02 | younguns · first_building Monastery |
| 20:31 | JohnnyHeatrs · wall_segment Stone Wall x4 |
| 20:34 | Breach · age_up castle |
| 22:09 | aoc2020 · age_up castle |
| 22:23 | younguns · first_building Siege Workshop |
| 22:34 | aoc2020 · first_building Barracks |
| 24:05 | JohnnyHeatrs · wall_segment Stone Wall x4 |
| 24:20 | drdany · wall_segment Palisade Wall x10 |
| 24:31 | JohnnyHeatrs · wall_segment Palisade Wall x1 |
| 25:57 | drdany · wall_segment Palisade Wall x11 |
| 26:02 | aoc2020 · first_building Siege Workshop |
| 26:33 | younguns · wall_segment Stone Wall x1 |
| 26:48 | JohnnyHeatrs · first_building Castle |
| 27:22 | Breach · first_market_sell 100 wood |
| 27:23 | Breach · first_market_buy 100 stone |
| 27:49 | drdany · first_market_buy 100 food |
| 28:21 | drdany · wall_segment Palisade Wall x12 |
| 28:25 | Breach · wall_segment Palisade Wall x1 |
| 28:45 | drdany · first_building Stable |
| 29:53 | drdany · wall_segment Palisade Wall x4 |
| 29:58 | aoc2020 · first_building Castle |
| 30:32 | drdany · age_up castle |
| 31:21 | PhOeNiX · first_market_buy 100 food |
| 32:57 | Breach · first_building Siege Workshop |
| 33:55 | JohnnyHeatrs · first_market_sell 100 wood |
| 34:31 | PhOeNiX · first_building Castle |
| 34:52 | PhOeNiX · age_up imperial |
| 35:06 | Breach · first_building Monastery |
| 36:48 | JohnnyHeatrs · first_building Siege Workshop |
| 37:05 | younguns · age_up imperial |
| 37:46 | Breach · first_building Castle |
| 38:09 | drdany · first_building Castle |
| 39:28 | younguns · first_market_sell 100 food |
| 39:31 | younguns · first_market_buy 100 stone |
| 39:50 | younguns · first_building Castle |
| 40:01 | Breach · age_up imperial |
| 42:32 | aoc2020 · age_up imperial |
| 45:52 | PhOeNiX · resign |
[ AI ANALYSIS · 1 CREDIT ]
What really happened in this match?
Wolo.gg analyzes every decision: build order, eco, micro, common mistakes by bracket. Personalized analysis on WhatsApp or Discord in 30 seconds.
Civ guide
Mongols
Map guide
Arabia
Perfil
younguns